 Dungeon Crawl Stone Soup version 0.32-a0-841-g4648e6c457 (webtiles) character file.

Game seed: 10137999952341132173

376 BigDaddyOpFi the Sneak (level 6, -5/42 HPs)
             Began as an Octopode Wanderer on Mar 26, 2024.
             Slain by an iguana (11 damage)
             ... on level 5 of the Dungeon.
             The game lasted 00:07:41 (3354 turns).

BigDaddyOpFi the Sneak (Octopode Wanderer)          Turns: 3354, Time: 00:07:42

Health: -5/42      AC:  3    Str:  8    XL:     6   Next: 73%
Magic:  6/6        EV: 13    Int: 13    God:
Gold:   222        SH:  0    Dex: 18    Spells: 5/5 levels left

rFire   . .          .
                       - Unarmed
rCold   . . .        (no shield)
rNeg    . . .        c - +2 hat
rPois   .            (no amulet)
rElec   .            (no ring)
rCorr   .            (no ring)
SInv    .            (no ring)
Will    .....        (no ring)
Stlth   ++           (no ring)
HPRegen 0.27/turn    (no ring)
MPRegen 0.10/turn    (no ring)
                     (no ring)

%: no passive effects
@: confused
A: almost no armour, amphibious, 8 rings, camouflage 1, gelatinous body 1,
(nimble swimmer 1), tentacles
a: no special abilities


You were on level 5 of the Dungeon.
You visited 1 branch of the dungeon, and saw 5 of its levels.

You collected 222 gold pieces.

Inventory:

Hand Weapons
 a - a +2 sling
 b - a +0 short sword
Missiles
 i - a throwing net
 l - 3 atropa-tipped darts (quivered)
Armour
 c - a +2 hat (worn)
Talismans
 q - a maw talisman
Scrolls
 d - 2 scrolls of fear
 e - a scroll of enchant armour
 g - 2 scrolls of vulnerability
 j - a scroll of amnesia
 k - 3 scrolls of teleportation
 m - a scroll of silence
Potions
 h - a potion of enlightenment
 n - a potion of cancellation
 o - a potion of ambrosia
 p - a potion of haste
 r - 2 potions of curing {unknown}


   Skills:
 + Level 3.4 Fighting
 - Level 2.1 Short Blades
 - Level 3.0 Ranged Weapons
 + Level 2.8 Throwing
 + Level 2.7 Dodging
 + Level 4.0 Stealth
 * Level 2.2 Unarmed Combat
 - Level 1.0 Invocations
 + Level 0.6 Shapeshifting


You had 5 spell levels left.
You didn't know any spells.
Your spell library contained the following spells:

 Spells                   Type           Power      Damage    Failure   Level
 Blink                    Tloc           0%         N/A       43%         2
 Lesser Beckoning         Tloc           0%         N/A       43%         2
 Momentum Strike          Conj/Tloc      0%         3d8       43%         2


Dungeon Overview and Level Annotations

Branches:
Dungeon (5/15)
 Temple: D:4-7

Altars:
Uskayaw

Shops:
D:4 ?


Innate Abilities, Weirdness & Mutations

You cannot wear most types of armour.
You are amphibious.
You can wear up to eight rings at the same time.
Your skin changes colour to match your surroundings (Stealth+).
Your rubbery body absorbs attacks. (AC +1, EV +1)
((You are camouflaged when in or above water. (Stealth+)))
You have tentacles for arms and can constrict up to eight enemies at once.


Message History

The orc wizard is heavily wounded.
You constrict the orc wizard. The orc hits you but does no damage.
The orc hits you with a +0 mace. The orc wizard barely misses you.
Unknown command.
You release your grip on the orc wizard.
You see here a +0 dagger.
You closely miss the orc. The orc barely misses you.
The orc hits you with a +0 mace.
* * * LOW HITPOINT WARNING * * *
The orc wizard casts a spell at you.
You are more confused.
Unknown command.
You feel much better. The orc barely misses you. The orc closely misses you.
The orc wizard hits you but does no damage.
An iguana comes into view.
The iguana hisses angrily.
You tentacle-slap the orc wizard. Your squeeze misses the orc wizard.
The orc wizard is severely wounded.
The orc hits you but does no damage. The orc hits you with a +0 mace.
The orc wizard hits you but does no damage.
You miss the orc. The orc hits you with a +0 short sword.
The orc closely misses you. The orc wizard casts a spell at you.
The puff of flame hits you! The iguana bites you.
* * * LOW HITPOINT WARNING * * *
You barely miss the orc wizard. You squeeze the orc wizard.
You kill the orc wizard!
The hound stops to sniff the ground.
The orc barely misses you. The iguana closely misses you. The hound bites you.
* * * LOW HITPOINT WARNING * * *
The iguana closely misses you. The orc attacks as it pursues you!
The orc barely misses you. The iguana misses you.
You barely miss the iguana. The hound bites you.
* * * LOW HITPOINT WARNING * * *
The orc sings a few bars from the Orcish anthem.
The iguana barely misses you. The orc hits you with a +0 mace.
* * * LOW HITPOINT WARNING * * *
The iguana bites you!
You die...

..# ..# ##'## #....
#.#.# #.#.######.
####.#†./(....
#......l#
#.....@o#######
.......olh......#
#...?.##.........#
...... #.........#
#....# #[........#
.....
#.....^...#######
...
.....)....<...§....
.............#####
#......?.####†#


You could see 2 iguanas, a hound and 2 orcs.

Vanquished Creatures
  2 bombardier beetles
  Jessica (D:3)
  2 iguanas
  2 orc wizards
  4 gnolls (D:3)
  5 adders
  2 dart slugs
  2 ribbon worms (D:3)
  5 orcs
  13 ball pythons
  6 bats
  8 endoplasms
  3 giant cockroaches
  7 goblins
  5 hobgoblins
  13 jackals
  6 kobolds
  A quokka (D:4)
  2 frilled lizards
89 creatures vanquished.

Notes
Turn   | Place    | Note
-------+----------+-------------------------------------------
     0 | D:1      | BigDaddyOpFi the Octopode Wanderer began the quest for the
                  | Orb.
     0 | D:1      | BigDaddyOpFi set off with the following items: a +2 sling,
                  | a +0 short sword, a +0 hat, a scroll of fear.
     0 | D:1      | Reached XP level 1. HP: 14/14 MP: 1/1
    84 | D:1      | Reached XP level 2. HP: 10/19 MP: 2/2
   171 | D:1      | Reached skill level 2 in Stealth
   384 | D:1      | Reached XP level 3. HP: 24/24 MP: 3/3
   881 | D:2      | Found a hide-covered altar of Uskayaw.
  1294 | D:3      | Reached XP level 4. HP: 30/30 MP: 4/4
  1366 | D:3      | Reached skill level 3 in Stealth
  1384 | D:3      | Reached XP level 5. HP: 13/36 MP: 5/5
  1764 | D:3      | Noticed Jessica
  1774 | D:3      | Killed Jessica
  1909 | D:3      | Reached skill level 1 in Unarmed Combat
  2540 | D:4      | Reached XP level 6. HP: 15/42 MP: 6/6
  3156 | D:4      | Found Godwub's Magic Scroll Shop.
  3306 | D:5      | Entered Level 5 of the Dungeon
  3332 | D:5      | Reached skill level 4 in Stealth
  3354 | D:5      | Slain by an iguana

Illustrated notes

Levels and vault maps discovered:
D:1:      beargit_arrival_diablo_church, layout_basic, minmay_tromino_v4_b
D:2:      layout_basic, basic_altar
D:3:      layout_loops_ring, uniq_jessica
D:4:      layout_gridville, nicolae_stop_n_shop_2
D:5:      layout_basic, ebering_ghost_reflecting_pool, corexii_checkpoint,
          uniq_grinder

Skill      XL: |  1  2  3  4  5  6 |
---------------+-------------------+-----
Stealth        | 2 3 4 |  4.0
Throwing       | 2 |  2.8
Short Blades   | 2 |  2.1
Dodging        | 2 |  2.7
Fighting       | 3 |  3.4
Unarmed Combat | 1 2 |  2.2
Ranged Weapons | |  3.0
Invocations    | |  1.0
Shapeshifting  | |  0.6

Action                     |  1- 3 |  4- 6 || total
---------------------------+-------+-------++-------
  Melee: Unarmed           |       |    73 ||    73
         Tentacles         |       |    30 ||    30
         Constrict         |       |    23 ||    23
   Fire: Sling             |    95 |   100 ||   195
  Throw: Throwing net      |       |     1 ||     1
         Dart              |       |     5 ||     5
    Use: Scroll            |     5 |     9 ||    14
         Potion            |       |     1 ||     1
   Stab: Sleeping          |       |     5 ||     5
 Armour: Skin              |    13 |    99 ||   112
  Dodge: Dodged            |    15 |    99 ||   114

Table legend: (Time is in decaauts)
 A = Elapsed time spent in this place.
 B = Non-inter-level travel time spent in this place.
 C = Inter-level travel time spent in this place.
 D = Time resting spent in this place.
 E = Time spent auto-exploring this place.
 F = Levels seen in this place.
 G = Mean time per level.
                   A        B        C        D        E       F      G
               +--------+--------+--------+--------+--------+-----+--------+
         Total |   3394 |   3280 |    114 |    506 |   2159 |   5 |  678.8 |
       Dungeon |   3394 |   3280 |    114 |    506 |   2159 |   5 |  678.8 |
               +--------+--------+--------+--------+--------+-----+--------+

Top non-repeatable levels by time:
     D:3: 1153 daAuts
     D:4: 916 daAuts
     D:1: 739 daAuts
     D:2: 538 daAuts
     D:5: 46 daAuts
